AoeStats
← FJL

Arabia

508465319Analyzed
1v1 RM · 11d ago on Sep 22, 2026· 39m 44s· 2 players
Game mode
Random Map
Map size
Tiny (2 player)
Population
200
Speed
Normal
Resources
Standard
Victory
Conquest
Starting age
Dark Age
Ending age
Imperial Age
RankedLock teamsTeams togetherTeam positionsShared explorationLock speedFull tech treeHidden civsTurbo modeCheats
Victory
Defeat
🇪🇸 Vikings · Spain
1898
+13
🇦🇷 Goths · Argentina
1833
-13
FJL
6:51 Loom
7:05 Loom
9:20 Feudal Age
9:26 Man-at-Arms
10:59 Double-Bit Axe
14:22 Fletching
15:01 Padded Archer Armor
19:51 Scale Mail Armor
29:04 Castle Age
27:08 Horse Collar
27:19 Gold Mining
28:47 Wheelbarrow
28:51 Forging
29:07 Pikeman
29:11 Long Swordsman
30:11 Chain Mail Armor
30:13 Squires
35:06 Pikeman
DK_Odysseo
5:54 Loom
8:54 Feudal Age
9:04 Man-at-Arms
9:31 Double-Bit Axe
14:45 Fletching
16:55 Padded Archer Armor
22:12 Castle Age
21:41 Scale Barding Armor
22:52 Bodkin Arrow
23:46 Light Cavalry
24:43 Elite Skirmisher
29:51 Ballistics
30:18 Leather Archer Armor
30:27 Light Cavalry
32:38 Forging
37:12 Scale Mail Armor
Connection lost

Rejoining the realm…

Still unreachable

The connection could not be restored.

Session expired

The server has moved on; the page needs a fresh start.